 Dungeon Crawl Stone Soup version 0.25-a0-290-g4a1327ee3a (webtiles) character file.

Game seed: 785906508682732081, levelgen mode: deterministic

85736 pwrx the Impaler (level 15, -4/129 HPs)
             Began as a Merfolk Monk on Dec 13, 2019.
             Was a High Priest of Yredelemnul.
             Succumbed to Aizul's poison arrow
             ... on level 3 of the Lair of Beasts on Dec 14, 2019.
             The game lasted 07:09:49 (40812 turns).

pwrx the Impaler (Merfolk Monk)                    Turns: 40812, Time: 07:09:50

Health: -4/129     AC: 21    Str: 11    XL:     15   Next: 84%
Magic:  5/22       EV: 25    Int: 12    God:    Yredelemnul [*****.]
Gold:   215        SH:  0    Dex: 24    Spells: 13/14 levels left

rFire    . . .     SeeInvis .   B - +0 glaive
rCold    . . .     Gourm    .   (shield currently unavailable)
rNeg     . . .     Faith    .   T - +3 ring mail {MR+}
rPois    +         Spirit   +   S - +2 hat of the Saviour {Int+3}
rElec    .         Reflect  .   C - +1 cloak {MR+}
rCorr    .         Harm     .   p - +0 pair of gloves
MR       +++..                  (no boots)
Stlth    ++........             o - amulet of guardian spirit
HPRegen  0.31/turn              z - ring of poison resistance
MPRegen  0.18/turn              t - ring of Robustness {AC+8}

@: lethally poisoned (-4 -> -62)
A: change form in water, swift swim, stealthy swim
a: Recall Undead Slaves, Injury Mirror, Animate Dead, Drain Life, Enslave Soul,
Renounce Religion


You were on level 3 of the Lair of Beasts.
You worshipped Yredelemnul.
Yredelemnul was extremely pleased with you.
You were hungry.

You visited 5 branches of the dungeon, and saw 24 of its levels.

You collected 1825 gold pieces.
You spent 1610 gold pieces at shops.

Inventory:

Hand Weapons
 u - a +5 spear
 B - a +0 glaive (weapon)
Missiles
 l - 2 atropa-tipped darts (quivered)
Armour
 a - a +2 chain mail of fire resistance
 i - the +5 plate armour of Shadows and Fog {Int+4}
   (You took it off an orc knight on level 13 of the Dungeon)

   It affects your intelligence (+4).
 n - the +1 ring mail of Mirth {Str+4 Int-2 Dex+3 Slay+3}
   (You found it on level 5 of the Lair of Beasts)

   It affects your strength (+4).
   It affects your intelligence (-2).
   It affects your dexterity (+3).
   It affects your accuracy and damage with ranged weapons and melee attacks
   (+3).
 p - a +0 pair of gloves (worn)
 C - a +1 cloak of magic resistance (worn)
 Q - a +0 shield
 S - the +2 hat of the Saviour (worn) {Int+3}
   (You found it on level 1 of the Lair of Beasts)

   It affects your intelligence (+3).
 T - a +3 ring mail of magic resistance (worn)
 X - a +2 buckler
Jewellery
 m - an uncursed ring of see invisible
 o - an amulet of guardian spirit (around neck)
 t - the ring of Robustness (right hand) {AC+8}
   (You bought it in a shop on level 10 of the Dungeon)

   [ring of protection]

   It affects your AC (+8).
 x - an uncursed ring of flight
 z - a ring of poison resistance (left hand)
 G - the ring "Ibastry" {rF+ Int-5 Dex+5}
   (You found it on level 11 of the Dungeon)

   [ring of protection from fire]

   It affects your intelligence (-5).
   It affects your dexterity (+5).
   It protects you from fire.
 I - an uncursed amulet of regeneration
 J - an uncursed ring of positive energy
 R - an uncursed ring of resist corrosion
Wands
 h - a wand of polymorph (17)
 r - a wand of paralysis (16)
 A - a wand of digging (12)
 D - a wand of flame (32)
 F - a wand of disintegration (8)
 H - a wand of enslavement (12)
 N - a wand of scattershot (2)
 P - a wand of iceblast (8)
 Z - a wand of acid (9)
Scrolls
 b - a scroll of fog
 f - 2 scrolls of identify
 k - 2 scrolls of fear
 v - 2 scrolls of enchant weapon
 w - 9 scrolls of remove curse
 y - a scroll of enchant armour
 O - a scroll of teleportation
Potions
 d - a potion of resistance
 g - 3 potions of brilliance
 j - 10 potions of curing
 s - 5 potions of flight
 E - a potion of heal wounds
 K - 2 potions of magic
 L - a potion of haste
 M - a potion of agility
 U - a potion of ambrosia
 W - 3 potions of might
 Y - 7 potions of lignification
Miscellaneous
 e - a lamp of fire (inert)
 q - a lightning rod (1/4)
Comestibles
 c - 9 rations


   Skills:
 - Level 15.6 Fighting
 * Level 18.9 Polearms
 - Level 3.0 Armour
 - Level 17.0 Dodging
 - Level 2.1 Stealth
 - Level 7.3 Shields
 - Level 6.0 Summonings
 - Level 10.0 Invocations


You had 13 spell levels left.
You knew the following spells:

 Your Spells              Type           Power        Failure   Level  Hunger
a - Summon Butterflies    Summ           ##......     6%          1    ##.....

Your spell library contained the following spells:

 Spells                   Type           Power        Failure   Level  Hunger
 Call Canine Familiar     Summ           ##......     19%         3    ####...
 Summon Ice Beast         Ice/Summ       #.......     91%         4    #####..
 Summon Mana Viper        Hex/Summ       #.......     99%         5    ######.
 Summon Hydra             Summ           ##........   100%        7    #######


Dungeon Overview and Level Annotations

Branches:
Dungeon (13/15)            Temple (1/1) D:6            Lair (6/6) D:8
 Shoals (0/4) Lair:3        Snake (2/4) Lair:3        Slime (0/5) Lair:6
    Orc (2/2) D:9             Elf (0/3) Orc:2        Vaults (0/5) D:13

Altars:
Ashenzari
Cheibriados
Dithmenos
Elyvilon
Fedhas
Gozag
Hepliaklqana
Kikubaaqudgha
Makhleb
Nemelex Xobeh
Okawaru
Qazlal
Ru
Sif Muna
Trog
Uskayaw
Vehumet
Wu Jian
Xom
Yredelemnul
Zin
The Shining One
Beogh

Shops:
D:6 [   D:7 =   D:10 =**   Orc:2 :=%*?==}

Portals:
Hell: Lair:6

Annotations:
D:4 Sigmund
Lair:2 exclusion: oklob plant
Snake:1 Aizul
Snake:2 Asterion, Louise


Message History

You feel very sick.
Things that are here:
a +0 robe; a cursed -3 scimitar
* * * LOW HITPOINT WARNING * * *
You feel very sick. Aizul casts a spell at you. The poison arrow hits you!
You are more poisoned.
You partially resist.
* * * LOW HITPOINT WARNING * * *
* * * LOW HITPOINT WARNING * * *
You feel very sick. Aizul casts a spell at you. The poison arrow misses you.
There is a staircase back to the Lair, spattered with blood here.
* * * LOW HITPOINT WARNING * * *
You feel very sick.
You climb upwards.
Welcome back to the Lair of Beasts!
You die...
Your body rises from the dead as a mindless zombie.

........#........#.# ##.Z>....
................#### ##.Z......
.................# ###P........
.................## ##(#Z........
............###...###............
............#.......#............
............#.......#......(.....
........#P.......................
................@................
.........#.......................
............#..Z....#............
........#...#.......##...........
.>..........###..[####....#P...##
............####.## ####.###.#.#
.................P#### ##.###.###
#[."....##...........###.###..#
≈......≈≈###........###.....###


You could see a friendly wolf zombie (wandering).

Vanquished Creatures
  Rupert (Lair:4)
  Gastronok (Lair:3)
  A nagaraja (Snake:2)
  The ghost of floatRand the Cleaver, a journeyman FoFi of Nemelex Xobeh (Lair:1)
  The ghost of Ishrer the Arsonist, a journeyman DEFE of Vehumet (D:13)
  2 ogre magi (Orc:2)
  Erolcha (Orc:2)
  2 naga warriors (Snake:1)
  5 hydras
  2 anacondas
  Erica (D:8)
  7 two-headed ogres
  2 death yaks
  The ghost of Ihomaem the Thaumaturge, a novice FoWn of Cheibriados (D:10)
  2 shock serpents
  Urug (D:13)
  A sixfirhy (Lair:6)
  An unseen horror (D:10)
  A lindwurm (Lair:6)
  2 naga ritualists (Snake:1)
  An orc knight (D:13)
  2 mana vipers (Snake:1)
  An oklob plant (Lair:6)
  An ugly thing (D:11)
  2 salamanders (Snake:1)
  2 orc sorcerers
  A manticore (D:11)
  2 moths of wrath (Lair:1)
  3 elephants (Lair:5)
  3 naga magi
  A centaur zombie (D:10)
  A merfolk siren (Lair:3)
  2 orange demons (Lair:6)
  A guardian serpent (Snake:1)
  A smoke demon (Lair:6)
  A gargoyle (D:11)
  21 black mambas
  10 spiny frogs
  4 rime drakes
  4 komodo dragons
  4 trolls
  A red devil (Lair:6)
  A polar bear (Lair:4)
  A queen bee (D:9)
  A hornet (D:10)
  9 hippogriffs
  11 blink frogs
  A black mamba zombie (Snake:1)
  2 wraiths (D:12)
  27 yaks
  A spriggan (D:7)
  A wyvern (Lair:5)
  A steam dragon (D:10)
  2 basilisks
  2 hogs (Lair:4)
  Edmund (D:4)
  12 nagas
  2 wargs (D:9)
  12 water moccasins
  An acid dragon (D:13)
  Duvessa (D:6)
  5 hell hounds (Lair:6)
  4 porcupines
  3 ice beasts
  3 black bears
  A necrophage (D:10)
  16 orc warriors
  A phantom (D:6)
  18 ogres
  3 sky beasts
  4 wolves
  4 centaurs
  10 crocodiles
  2 big kobolds
  19 bullfrogs
  A wyvern zombie (D:10)
  A gnoll sergeant (Orc:2)
  A water moccasin zombie (D:5)
  A wyvern skeleton (D:11)
  4 scorpions
  Dowan (D:6)
  22 killer bees
  10 wights
  4 howler monkeys
  2 electric eels (D:11)
  A jelly (D:4)
  3 crimson imps
  2 quasits
  2 bullfrog zombies
  7 hounds
  11 orc priests
  4 bullfrog skeletons
  A gnoll shaman (D:3)
  3 iguanas
  9 orc wizards
  18 worker ants
  A killer bee zombie (D:6)
  2 hound zombies
  A mummy (D:10)
  2 worker ant zombies (D:8)
  Robin (D:4)
  14 gnolls
  7 adders
  4 shadow imps
  An ooze (D:5)
  An adder skeleton (D:4)
  4 worms
  A dart slug (D:3)
  6 leopard geckos
  59 orcs
  6 bats
  8 giant cockroaches
  13 goblins
  11 hobgoblins
  14 jackals
  18 kobolds
  8 quokkas
  5 frilled lizards
  6 rats (D:1)
  5 fungi
593 creatures vanquished.

Vanquished Creatures (collateral kills)
  Kirke (Lair:4)
  An orc warlord (D:9)
  2 ogre magi (Orc:2)
  3 hydras
  An anaconda (Snake:2)
  An orc high priest (Orc:2)
  9 two-headed ogres (Orc:2)
  3 death yaks (Lair:5)
  A naga sharpshooter (Snake:1)
  A wizard (Lair:6)
  A naga ritualist (Snake:2)
  2 orc knights (Orc:2)
  A wolf spider zombie (D:12)
  An orc sorcerer (D:9)
  A mana viper (Snake:1)
  5 elephants
  A salamander (Snake:1)
  A centaur zombie (D:11)
  Maurice (D:8)
  3 black mambas
  A naga mage (Snake:1)
  3 spiny frogs
  2 gargoyles
  A rime drake (Lair:6)
  An orange demon (Lair:6)
  3 komodo dragons
  2 trolls
  A blink frog (Lair:6)
  A meliai zombie (D:13)
  3 hippogriffs
  A wraith (D:11)
  9 yaks
  A hog (Lair:4)
  A basilisk (Lair:2)
  5 nagas
  2 wargs (D:9)
  5 water moccasins
  A soldier ant (D:13)
  7 orc warriors
  3 porcupines
  A phantom (D:8)
  2 necrophages (D:10)
  4 wolves (Lair:1)
  12 ogres
  2 centaurs
  5 crocodiles
  2 bullfrogs
  A gnoll sergeant (D:13)
  A scorpion (D:9)
  6 killer bees (D:9)
  A wight (D:10)
  An electric eel (D:11)
  A bullfrog zombie (D:9)
  A hound (D:13)
  4 orc priests
  A bullfrog skeleton (D:10)
  7 orc wizards
  2 worker ants
  A gnoll (D:13)
  A shadow imp (D:11)
  23 orcs
  2 kobolds (D:8)
  13 fungi
  4 plants
191 creatures vanquished.

Vanquished Creatures (others)
  A spectral human (D:10)
  A flayed ghost (Orc:2)
  2 skeletal warriors
  An anaconda skeleton (Snake:2)
  A phantasmal warrior (Snake:1)
  A mana viper (Snake:1)
  2 hydra zombies (Lair:5)
  A spectral guardian serpent (Snake:1)
  An ugly thing zombie (D:11)
  A guardian serpent zombie (Snake:1)
  A vampire (Orc:2)
  3 wraiths
  A spectral cyclops (D:13)
  3 flying skulls (Snake:1)
  9 black mamba zombies
  A spectral naga (Snake:1)
  2 black mamba skeletons (Snake:1)
  4 two-headed ogre zombies (Orc:2)
  5 spiny frog zombies
  4 blink frog zombies
  An elephant zombie (Lair:4)
  A hog zombie (Lair:4)
  2 rime drake zombies
  3 komodo dragon zombies
  3 hippogriff zombies
  A hell hound zombie (Lair:6)
  A naga skeleton (Snake:1)
  7 water moccasin zombies
  2 troll zombies
  10 yak zombies
  A polar bear zombie (Lair:4)
  4 wights
  A wolf zombie (Lair:1)
  3 centaur zombies
  6 bullfrog zombies
  A wolf skeleton (Lair:1)
  A bullfrog skeleton (D:9)
  A black bear zombie (D:9)
  2 basilisk zombies
  A soldier ant zombie (D:13)
  3 porcupine zombies
  13 killer bee zombies
  6 ogre zombies
  5 crocodile zombies
  9 naga zombies
  A necrophage skeleton (D:10)
  A crocodile skeleton (Lair:1)
  A hound skeleton (D:8)
  2 mummies
  8 worker ant zombies
  An adder (D:11)
  2 gnoll zombies (D:13)
  A scorpion zombie (D:9)
  An iguana skeleton (D:8)
  An orc (Orc:1)
  2 jackal zombies (D:8)
  A kobold zombie (D:8)
  3 orc skeletons
  34 orc zombies
  A bush (Lair:4)
  18 fungi
  5 plants
216 creatures vanquished.

Grand Total: 1000 creatures vanquished

Notes
Turn   | Place    | Note
-------+----------+-------------------------------------------
     0 | D:1      | pwrx the Merfolk Monk began the quest for the Orb.
     0 | D:1      | Reached XP level 1. HP: 18/18 MP: 1/1
   497 | D:1      | Reached XP level 2. HP: 13/24 MP: 2/2
  1165 | D:1      | Reached XP level 3. HP: 30/30 MP: 3/3
  1391 | D:1      | Reached skill level 5 in Polearms
  2736 | D:2      | Reached XP level 4. HP: 37/37 MP: 4/4
  2890 | D:3      | Found a stormy altar of Qazlal.
  3713 | D:3      | Reached skill level 5 in Dodging
  4191 | D:3      | Reached XP level 5. HP: 43/43 MP: 5/5
  4907 | D:4      | Noticed Robin
  4936 | D:4      | Killed Robin
  4936 | D:4      | Reached skill level 5 in Fighting
  5257 | D:3      | Reached skill level 6 in Polearms
  5695 | D:4      | Reached XP level 6. HP: 42/51 MP: 6/6
  5981 | D:4      | Noticed Sigmund
  6330 | D:5      | Entered Level 5 of the Dungeon
  6342 | D:5      | Reached skill level 7 in Polearms
  6859 | D:4      | Reached XP level 7. HP: 25/56 MP: 7/7
  7162 | D:5      | Reached skill level 8 in Polearms
  7739 | D:5      | Reached skill level 9 in Polearms
  7776 | D:5      | Reached XP level 8. HP: 63/65 MP: 8/8
  8367 | D:5      | Reached skill level 10 in Polearms
  9156 | D:6      | Noticed Dowan
  9358 | D:6      | Found a staircase to the Ecumenical Temple.
  9396 | D:6      | Noticed Duvessa
  9400 | D:6      | Killed Dowan
  9436 | D:6      | Killed Duvessa
  9892 | Temple   | Entered the Ecumenical Temple
  9991 | Temple   | Became a worshipper of Yredelemnul the Dark
  9991 | Temple   | Reached * piety under Yredelemnul
  9991 | Temple   | Reached ** piety under Yredelemnul
 10187 | D:6      | Reached skill level 1 in Invocations
 10285 | D:6      | Reached skill level 11 in Polearms
 10384 | D:6      | Reached XP level 9. HP: 64/72 MP: 10/10
 10603 | D:6      | Found Quserub's Antique Armour Shop.
 11420 | D:4      | Noticed Edmund
 11445 | D:4      | Killed Edmund
 11697 | D:7      | Reached skill level 12 in Polearms
 11808 | D:7      | Found Vazupufy's Jewellery Shop.
 12183 | D:7      | Found a white marble altar of Elyvilon.
 12838 | D:8      | Reached *** piety under Yredelemnul
 12865 | D:8      | Reached skill level 13 in Polearms
 12865 | D:8      | Reached XP level 10. HP: 81/81 MP: 13/13
 13231 | D:8      | Found a staircase to the Lair.
 13282 | D:8      | Noticed Maurice
 13302 | D:8      | Killed Maurice
 13392 | D:8      | Noticed Erica
 13434 | D:8      | Killed Erica
 13434 | D:8      | Reached skill level 10 in Dodging
 13434 | D:8      | Reached skill level 5 in Invocations
 13671 | D:8      | Reached skill level 14 in Polearms
 15744 | D:9      | Reached XP level 11. HP: 90/90 MP: 15/15
 15744 | D:9      | Received a gift from Yredelemnul (a mummy)
 15889 | D:9      | Found a roughly hewn altar of Beogh.
 15889 | D:9      | Found a staircase to the Orcish Mines.
 16073 | D:9      | Reached skill level 10 in Fighting
 16134 | D:9      | Reached **** piety under Yredelemnul
 16653 | D:10     | Entered Level 10 of the Dungeon
 16686 | D:10     | Found Hetzept's Assorted Antiques.
 16696 | D:10     | Bought a scroll of identify for 44 gold pieces
 16824 | D:10     | Found Seukitz's Jewellery Shoppe.
 16858 | D:10     | Found a transporter.
 16860 | D:10     | Noticed Ihomaem's ghost (novice FoWn)
 16864 | D:10     | Noticed a two-headed ogre
 16873 | D:10     | Found a transporter.
 16902 | D:10     | Noticed an unseen horror
 16912 | D:10     | Killed an unseen horror
 17026 | D:10     | Found a sparkling altar of Nemelex Xobeh.
 17282 | D:10     | Reached skill level 1 in Shields
 17389 | D:10     | Found Qouph's General Store.
 17395 | D:10     | Bought a scroll of identify for 30 gold pieces
 18459 | D:11     | Noticed a manticore
 18630 | Lair:1   | Entered Level 1 of the Lair of Beasts
 18644 | Lair:1   | Received a gift from Yredelemnul (a wight)
 19486 | Lair:1   | Received a gift from Yredelemnul (a wight)
 19730 | Lair:1   | Reached skill level 5 in Shields
 19764 | Lair:1   | Found a transporter.
 19771 | Lair:1   | Noticed floatRand's ghost (journeyman FoFi)
 19772 | Lair:1   | Noticed a moth of wrath
 19776 | Lair:1   | Noticed a moth of wrath
 19788 | Lair:1   | Found a transporter.
 20183 | Lair:2   | Reached XP level 12. HP: 89/100 MP: 17/17
 20610 | Lair:2   | Noticed a seven-headed hydra
 20622 | Lair:2   | Killed a seven-headed hydra
 21258 | Lair:3   | Found a staircase to the Snake Pit.
 21280 | Lair:3   | Noticed a six-headed hydra
 21382 | Lair:2   | Killed a six-headed hydra
 22006 | Lair:3   | Noticed Gastronok
 22012 | Lair:3   | Found a staircase to the Shoals.
 22055 | Lair:3   | Killed Gastronok
 22553 | Lair:4   | Learned a level 1 spell: Summon Butterflies
 22667 | Lair:3   | Reached skill level 1 in Summonings
 22744 | Lair:4   | Noticed Rupert
 22761 | Lair:4   | Paralysed by Rupert for 3 turns
 22871 | Lair:4   | Killed Rupert
 22871 | Lair:4   | Reached skill level 15 in Polearms
 23118 | Lair:4   | Noticed Kirke
 23121 | Lair:4   | Reached XP level 13. HP: 107/107 MP: 17/19
 23155 | Lair:4   | Killed Kirke
 23211 | Lair:4   | Reached skill level 5 in Summonings
 23360 | Lair:5   | Got a garnet-encrusted ring mail
 23398 | Lair:5   | Identified the cursed +1 ring mail of Mirth {Str+4 Int-2
                  | Dex+3 Slay+3} (You found it on level 5 of the Lair of
                  | Beasts)
 23426 | Lair:6   | Entered Level 6 of the Lair of Beasts
 24269 | Lair:5   | Reached ***** piety under Yredelemnul
 24493 | Lair:6   | Reached skill level 16 in Polearms
 24515 | Lair:6   | Found a staircase to the Slime Pits.
 25294 | Lair:6   | Found a burning altar of Makhleb.
 25332 | Lair:6   | Found a gateway to Hell.
 25781 | Lair:6   | Reached skill level 15 in Dodging
 26203 | Lair:5   | Reached XP level 14. HP: 112/118 MP: 20/20
 26336 | Lair:5   | Received a gift from Yredelemnul (a mummy)
 26568 | Lair:5   | Reached skill level 1 in Armour
 27868 | D:11     | Received a gift from Yredelemnul (a wight)
 27980 | D:11     | Received a gift from Yredelemnul (a wraith)
 28146 | D:11     | Got a heavily runed bone ring
 28148 | D:11     | Identified the ring "Ibastry" {rF+ Int-5 Dex+5} (You found
                  | it on level 11 of the Dungeon)
 30512 | D:13     | Received a gift from Yredelemnul (a wraith)
 30741 | D:13     | Found a runed translucent gate.
 30742 | D:13     | Found a runed translucent gate.
 30742 | D:13     | Found a runed translucent gate.
 30742 | D:13     | Identified the +5 plate armour of Shadows and Fog {Int+4}
 30743 | D:13     | Found a roughly hewn altar of Beogh.
 30743 | D:13     | Noticed Ishrer's ghost (journeyman DEFE)
 30911 | D:13     | Noticed Urug
 30940 | D:13     | Killed Urug
 31069 | D:13     | Found a gate to the Vaults.
 31311 | D:10     | Killed Ihomaem's ghost
 31315 | D:10     | Received a gift from Yredelemnul (a wight)
 31723 | Lair:1   | Killed floatRand's ghost
 31767 | Lair:1   | Got a transparent hat
 31786 | Lair:1   | Identified the +2 hat of the Saviour {Int+3} (You found it
                  | on level 1 of the Lair of Beasts)
 32244 | Orc:1    | Entered Level 1 of the Orcish Mines
 32245 | Orc:1    | Noticed an orc warlord
 32393 | Snake:1  | Entered Level 1 of the Snake Pit
 32787 | Lair:4   | Reached skill level 10 in Invocations
 33243 | Snake:1  | Received a gift from Yredelemnul (3 flying skulls)
 34272 | Snake:1  | Reached skill level 15 in Fighting
 35260 | D:13     | Reached XP level 15. HP: 129/129 MP: 22/22
 35318 | D:13     | Killed Ishrer's ghost
 35510 | D:13     | Received a gift from Yredelemnul (a skeletal warrior)
 35966 | D:9      | Killed an orc warlord
 36071 | D:9      | Received a gift from Yredelemnul (a phantasmal warrior)
 36414 | Orc:2    | Entered Level 2 of the Orcish Mines
 36778 | Orc:2    | Found Ujygegaq's Gadget Boutique.
 36895 | D:10     | Bought the ring of Robustness {AC+8} for 1536 gold pieces
 36895 | D:10     | Found the ring of Robustness {AC+8}
 37038 | Orc:2    | Noticed Erolcha
 37064 | Orc:2    | Killed Erolcha
 37139 | Orc:2    | Found Qiapniax's Book Emporium.
 37184 | Orc:2    | Your ally Erolcha died
 37228 | Orc:2    | Received a gift from Yredelemnul (a vampire)
 37369 | Orc:2    | Found Mimmya's Jewellery Shop.
 37369 | Orc:2    | Found Boenk's Food Boutique.
 37387 | Orc:2    | Found a staircase to the Elven Halls.
 37463 | Orc:2    | Received a gift from Yredelemnul (a flayed ghost)
 37498 | Orc:2    | Reached skill level 17 in Polearms
 37510 | Orc:2    | Received a gift from Yredelemnul (a wraith)
 37720 | Orc:2    | Found Geacreux's Jewellery Emporium.
 37720 | Orc:2    | Found Yriedom's Assorted Antiques.
 37723 | Orc:2    | Found Ariu's Jewellery Shop.
 37723 | Orc:2    | Found Ohonk's Magic Scroll Emporium.
 39093 | Snake:1  | Reached skill level 18 in Polearms
 39748 | Snake:2  | Noticed a nagaraja
 39757 | Snake:2  | Killed a nagaraja
 39772 | Snake:2  | Received a gift from Yredelemnul (a skeletal warrior)
 39878 | Snake:2  | Reached ****** piety under Yredelemnul
 40073 | Snake:2  | Noticed Louise
 40076 | Snake:2  | Identified the +2 shield "Garey" {Str+5 Dex-4}
 40076 | Snake:2  | Noticed Asterion
 40121 | Snake:2  | Noticed a balrug
 40498 | Snake:2  | Noticed Aizul
 40564 | Snake:1  | HP: 6/129 [poisoned by Aizul (bolt of poison)]
 40811 | Snake:1  | HP: 2/129 [poisoned by Aizul (poison arrow)]
 40812 | Lair:3   | Succumbed to Aizul's poison arrow

Levels and vault maps discovered:
D:1:      mrwooster_arrival_statue_2, layout_basic
D:2:      layout_basic
D:3:      layout_basic, grunt_qazlal_clouds, chequers_serial_rivers_small_3
D:4:      layout_loops_ring, uniq_edmund, uniq_sigmund, uniq_robin
D:5:      layout_loops_ring, lightli_ossuary_entry_decrepit_ruins, first_ration,
          minmay_misc_feat_plants, kennysheep_generic_room_13
D:6:      layout_basic, minmay_temple_entry_waves, serial_shops,
          nicolae_shop_crystal, uniq_duvessa
D:7:      layout_rooms, basic_altar, serial_shops, nicolae_shop_stone,
          the_bakery
D:8:      layout_gridville, grunt_lair_entry_orc_guard_hut, uniq_erica,
          uniq_maurice
D:9:      layout_long_grid, david_orc_5, special_room [special_room_bee],
          eino_tiny_chamber
D:10:     layout_gridville, serial_shops, shop, shop_fountains,
          kennysheep_mini_moat, serial_undead, serial_undead_c, serial_undead_d,
          serial_undead_b, serial_undead_b, gammafunk_ghost_smash,
          nemelex_xobeh_ov_fountains_minmay
D:11:     layout_loops_corners, water_boxes_lemuel
D:12:     layout_cave_pods, st_stairs_4
D:13:     layout_long_grid, david_vaults_5, biasface_ghost_orc_armoury,
          uniq_urug
Temple:   compressed_dpeg_triangle_lava_temple
Lair:1:   layout_long_grid, gammafunk_ghost_berserking_beasts
Lair:2:   layout_roguey, minivault_27, minmay_lair_oklob_chamber
Lair:3:   layout_cave_shapes, minmay_shoals_entry_lonely_mermaid,
          minmay_snake_entry_guardpost_small, uniq_gastronok
Lair:4:   layout_misc_corridors, st_stairs_6, chequers_serial_rivers_small_a,
          uniq_rupert, uniq_kirke
Lair:5:   layout_roguey, zaba_anthole, bh_chokoban, st_stairs_6,
          serial_bayou_shore_b
Lair:6:   evil_forest, layout_gridlike, slime_dummy
Snake:1:  layout_honeycomb
Snake:2:  nicolae_snake_nest, layout_chambers, special_room, uniq_agnes,
          uniq_aizul, uniq_asterion, uniq_louise
Orc:1:    layout_caves
Orc:2:    st_orc_ogre_mass, layout_diamond_mine, serial_shops,
          nicolae_shop_temple_entry_statues_fountains, nicolae_shop_stone, shop,
          shop_fountains, sword_in_stone, uniq_erolcha

Skill      XL: |  1  2  3  4  5  6  7  8  9 10 11 12 13 14 15 |
---------------+----------------------------------------------+-----
Polearms       | 5 6 7 9 11 13 14 15 16 18 | 18.9
Fighting       | 4 5 6 7 8 9 11 13 15 | 15.6
Dodging        | 5 6 7 8 9 11 12 13 15 16 17 | 17.0
Invocations    | 1 4 6 7 9 10 | 10.0
Shields        | 5 6 7 |  7.3
Summonings     | 4 5 6 |  6.0
Armour         | 3 |  3.0
Stealth        | |  2.1

Action                   |  1- 3 |  4- 6 |  7- 9 | 10-12 | 13-15 || total
-------------------------+-------+-------+-------+-------+-------++-------
Melee: Spear             |   142 |   276 |       |       |   700 ||  1118
       Trident           |       |    96 |   507 |  1246 |   905 ||  2754
       Tailslap          |       |       |       |     9 |     2 ||    11
       Unarmed           |       |       |       |       |     2 ||     2
       Glaive            |       |       |       |       |   267 ||   267
Throw: Stone             |    65 |   116 |     4 |       |       ||   185
       Boomerang         |       |     8 |    36 |     6 |       ||    50
       Dart              |       |     1 |    18 |    68 |    71 ||   158
       Javelin           |       |       |    29 |    42 |       ||    71
       Throwing net      |       |       |     1 |       |       ||     1
 Cast: Summon Butterflie |       |       |       |       |     4 ||     4
Invok: Animate Remains   |       |       |    12 |       |       ||    12
       Recall Undead Sla |       |       |     1 |     3 |    17 ||    21
       Animate Dead      |       |       |       |    68 |    75 ||   143
       Drain Life        |       |       |       |     1 |     1 ||     2
       Enslave Soul      |       |       |       |       |     8 ||     8
Evoke: Wand              |       |       |       |     1 |    32 ||    33
       Lightning rod     |       |       |       |     4 |    11 ||    15
       Lamp of fire      |       |       |       |       |     3 ||     3
  Use: Scroll            |     2 |       |     8 |     9 |    24 ||    43
       Potion            |       |     3 |     2 |     3 |     7 ||    15
 Stab: Sleeping          |     3 |       |       |       |     8 ||    11
       Distracted        |       |       |     3 |    11 |    20 ||    34
       Paralysed         |       |       |       |     1 |       ||     1
       Confused          |       |       |       |       |     1 ||     1
  Eat: Chunk             |     3 |     9 |     2 |    13 |     5 ||    32
       Ration            |     1 |     1 |     6 |    12 |    24 ||    44
Armor: Robe              |     6 |       |       |       |       ||     6
       Leather armour    |     3 |    11 |       |       |       ||    14
       Scale mail        |       |    62 |       |   113 |     7 ||   182
       Skin              |       |     9 |     1 |       |       ||    10
       Chain mail        |       |       |   169 |    29 |       ||   198
       Ring mail         |       |       |       |       |   150 ||   150
Dodge: Dodged            |    48 |   164 |   136 |   408 |   984 ||  1740
Block: Buckler           |       |       |       |    55 |   279 ||   334

Table legend:
 A = Non-vault XP
 B = Vault XP
 C = Vault XP percentage of total XP
 D = Non-vault monster count
 E = Vault monster count
 F = Vault count percentage of total count
                 A         B        C        D         E       F
            +---------+---------+-------+---------+---------+-------
      Total |   79148 |   43332 |  35.4 |     573 |     189 |  24.8
            +---------+---------+-------+---------+---------+-------
        D:1 |      43 |       0 |   0.0 |      26 |       0 |   0.0
        D:2 |      40 |       0 |   0.0 |      16 |       0 |   0.0
        D:3 |     154 |       0 |   0.0 |      31 |       0 |   0.0
        D:4 |     341 |     205 |  37.5 |      19 |      12 |  38.7
        D:5 |    1158 |       0 |   0.0 |      39 |       0 |   0.0
        D:6 |     903 |     211 |  18.9 |      20 |       2 |   9.1
        D:7 |     793 |     211 |  21.0 |      10 |       1 |   9.1
        D:8 |    1464 |    1788 |  55.0 |      36 |       7 |  16.3
        D:9 |    4710 |    1772 |  27.3 |      48 |      44 |  47.8
       D:10 |    3702 |    2086 |  36.0 |      37 |      12 |  24.5
       D:11 |    5261 |       0 |   0.0 |      35 |       0 |   0.0
       D:12 |    3228 |     169 |   5.0 |      16 |       2 |  11.1
       D:13 |    1010 |    2936 |  74.4 |      14 |      14 |  50.0
     Lair:1 |    3316 |    2919 |  46.8 |      25 |       6 |  19.4
     Lair:2 |    3447 |     331 |   8.8 |      17 |       1 |   5.6
     Lair:3 |    2610 |    2322 |  47.1 |      13 |       6 |  31.6
     Lair:4 |    4625 |    5351 |  53.6 |      16 |       8 |  33.3
     Lair:5 |    7227 |    1748 |  19.5 |      26 |       7 |  21.2
     Lair:6 |    7561 |    6450 |  46.0 |      26 |      21 |  44.7
    Snake:1 |   17512 |       0 |   0.0 |      43 |       0 |   0.0
    Snake:2 |    7159 |       0 |   0.0 |      15 |       0 |   0.0
      Orc:1 |     609 |       0 |   0.0 |       7 |       0 |   0.0
      Orc:2 |    2275 |   14833 |  86.7 |      38 |      46 |  54.8
            +---------+---------+-------+---------+---------+-------
